 Dungeon Crawl Stone Soup version 0.23.2-40-g277498a001 (webtiles) character file.

Game seed: 5620341731210733557

1189 DildoBatman the Conjurer (level 8, -10/52 HPs)
             Began as a Demonspawn Wizard on Aug 17, 2019.
             Was an Initiate of Kikubaaqudgha.
             Killed from afar by an orc warrior (25 damage)
             ... with a wand of acid (3)
             ... on level 6 of the Dungeon.
             The game lasted 00:19:20 (4933 turns).

DildoBatman the Conjurer (Demonspawn Wizard)        Turns: 4933, Time: 00:19:21

Health: -10/52     AC:  4    Str: 18    XL:     8   Next: 19%
Magic:  1/12       EV: 12    Int: 22    God:    Kikubaaqudgha [......]
Gold:   198        SH:  0    Dex: 13    Spells: 6/13 levels left

rFire    . . .     SeeInvis .   a - +7 trident of Jauzxano {pierce, *Noise +Inv rElec Str+5 Dex+2}
rCold    . . .     Gourm    .   (no shield)
rNeg     . . .     Faith    .   t - +0 robe
rPois    .         Spirit   .   (no helmet)
rElec    +         Reflect  .   A - +0 cloak
rCorr    .         Harm     .   c - +0 pair of gloves
MR       .....                  (no boots)
Stlth    ++........             (no amulet)
HPRegen  0.17/turn              n - ring of flight
MPRegen  0.13/turn              (no ring)

@: mighty, very slightly contaminated
A: claws 1, hooves 2, mutation resistance 1, powered by pain 3, wild magic 1
a: Renounce Religion, Evoke Invisibility, Evoke Flight


You were on level 6 of the Dungeon.
You worshipped Kikubaaqudgha.
Kikubaaqudgha was noncommittal.
You were not hungry.

You visited 1 branch of the dungeon, and saw 6 of its levels.

You collected 198 gold pieces.

Inventory:

Hand Weapons
 a - the +7 trident of Jauzxano (weapon) {pierce, *Noise +Inv rElec Str+5 Dex+2}
   (You found it on level 4 of the Dungeon)

   It inflicts extra damage upon your enemies.
   It affects your strength (+5).
   It affects your dexterity (+2).
   It insulates you from electricity.
   It lets you turn invisible.
   It may make noises in combat.
 E - a +0 falchion of venom
Missiles
 e - a throwing net
 f - 131 stones (quivered)
 j - 21 poisoned needles
 m - 5 tomahawks
 u - 46 arrows
 w - 46 sling bullets
 H - 17 bolts
Armour
 c - a +0 pair of gloves (worn)
 t - a +0 robe (worn)
 A - a +0 cloak (worn)
 D - a +0 helmet
Magical Staves
 q - an uncursed staff of summoning
Jewellery
 n - a ring of flight (left hand)
 y - an uncursed ring of protection from cold
Wands
 F - a wand of digging (6)
Scrolls
 i - 2 scrolls of teleportation {unknown}
 k - a scroll of amnesia {unknown}
 o - 2 scrolls of enchant weapon
 r - 3 scrolls of fog
 s - a scroll of immolation {unknown}
 x - a scroll of magic mapping {unknown}
 z - a scroll of identify
 I - a scroll of fear {unknown}
Potions
 b - a potion of lignification {unknown}
 d - a potion of curing
 g - 2 potions of might
 h - 2 potions of brilliance
 l - 3 potions of degeneration
 p - a potion of mutation
 B - a potion of berserk rage {unknown}
 C - a potion of haste {unknown}
 G - a potion of cancellation {unknown}
 J - a potion of heal wounds {unknown}
Comestibles
 v - 6 rations


   Skills:
 * Level 2.9 Polearms
 - Level 1.7 Dodging
 - Level 1.7 Stealth
 - Level 3.0 Spellcasting
 - Level 6.0 Conjurations
   Level 1.0 Summonings
   Level 0.8 Translocations
 * Level 3.3 Fire Magic
 * Level 3.4 Air Magic
 * Level 3.7 Poison Magic


You had 6 spell levels left.
You knew the following spells:

 Your Spells              Type           Power        Failure   Level  Hunger
a - Conjure Flame         Conj/Fire      ####....     9%          3    ###....
c - Magic Dart            Conj           ####         2%          1    None
e - Mephitic Cloud        Conj/Pois/Air  ####....     10%         3    ###....

Your spell library contained the following spells:

 Spells                   Type           Power        Failure   Level  Hunger
 Call Imp                 Summ           ##......     17%         2    ##.....
 Blink                    Tloc           N/A          19%         2    ##.....
 Slow                     Hex            #.......     26%         2    ##.....


Dungeon Overview and Level Annotations

Branches:
Dungeon (6/15)
 Temple: D:4-7

Altars:
Cheibriados
Fedhas
Gozag
Kikubaaqudgha
Qazlal
Ru
Sif Muna
Trog
Xom
Yredelemnul
Zin

Portals:
Ossuary: D:6

Annotations:
D:6 Blork the orc


Innate Abilities, Weirdness & Mutations

You have hoof-like feet.
You are powered by pain.
You have sharp fingernails.
You are somewhat resistant to further mutation.
Your spells are a little harder to cast, but a little more powerful.


Message History

The orc warrior drinks a potion.
The orc warrior is healed!
The orc warrior seems less confused.
Attack whom?
Press: ? - help, Dir - move target cursor, f/p - orc warrior
Aim: an orc warrior, wielding a +0 long sword, wearing a +0 chain mail and carrying a wand of acid (4) (lightly wounded)
You reach to attack!
You hit the orc warrior.
The orc warrior is lightly wounded.
The orc warrior zaps a wand.
The bolt of acid hits you!
You focus on the pain.
You feel very mighty all of a sudden.
You are splashed with acid!
You see here a +0 shortbow.
An orc wizard comes into view. It is wielding a +0 dagger.
The orc warrior zaps a wand.
The bolt of acid hits you!!
You die...
Kikubaaqudgha rasps: "You have failed me!
Welcome... death!"

###############
#.............##########
#......o........)......#
#...o###'###.###+###..##
#.##.)##∩##...##.##..##
#.###..###.....###..## #.#
##..#o......#.o#
##.#####@.###'###..#
######.......#..##.##..o..#
#......>.....+...###..###.#
####.####.......###..#..#
...#.# #.......# ##...#
...#.# #.....[.# #..##
...#.# #.......# #..#
...#.# ##'###### ##.#
...#.# #.# .#


You could see an orc warrior and an orc wizard (wandering).

Vanquished Creatures
  A phantom (D:4)
  4 ogres
  A scorpion (D:6)
  A centaur zombie (D:5)
  A crimson imp (D:6)
  3 hounds
  5 orc priests
  A bullfrog skeleton (D:3)
  A centaur skeleton (D:6)
  An orc wizard (D:4)
  An iguana (D:4)
  A worker ant (D:6)
  4 gnolls (D:3)
  6 adders
  3 shadow imps
  An ooze (D:6)
  4 adder skeletons
  2 worms
  2 dart slugs
  3 leopard geckos
  15 orcs
  9 bats
  6 giant cockroaches
  17 goblins
  9 hobgoblins
  6 jackals
  6 kobolds
  3 quokkas
  2 ball pythons
  5 frilled lizards
  A hobgoblin zombie (D:6)
  A leopard gecko skeleton (D:5)
  A leopard gecko zombie (D:5)
  An orc zombie (D:6)
  2 quokka skeletons (D:4)
  5 rats
135 creatures vanquished.

Vanquished Creatures (others)
  An orc wizard (D:4)
1 creature vanquished.

Grand Total: 136 creatures vanquished

Notes
Turn   | Place    | Note
-------+----------+-------------------------------------------
     0 | D:1      | DildoBatman the Demonspawn Wizard began the quest for the
                  | Orb.
     0 | D:1      | Reached XP level 1. HP: 13/13 MP: 4/4
   160 | D:1      | Reached skill level 2 in Conjurations
   235 | D:1      | Gained mutation: You sometimes gain a little power by
                  | taking damage. [demonic ancestry]
   235 | D:1      | Reached XP level 2. HP: 16/19 MP: 1/6
   800 | D:1      | Reached skill level 3 in Conjurations
   875 | D:2      | Found a shimmering altar of Xom.
   878 | D:2      | Reached XP level 3. HP: 24/24 MP: 5/7
   883 | D:2      | Learned a level 3 spell: Conjure Flame
   887 | D:2      | Learned a level 3 spell: Mephitic Cloud
  1057 | D:2      | Found a faded altar of an unknown god.
  1188 | D:2      | Found an opulent altar of Gozag.
  1344 | D:2      | Found a snail-covered altar of Cheibriados.
  1345 | D:2      | Found a basalt altar of Yredelemnul.
  1483 | D:2      | Reached XP level 4. HP: 30/30 MP: 3/8
  1588 | D:2      | Found a bloodstained altar of Trog.
  1589 | D:2      | Reached skill level 4 in Conjurations
  1942 | D:3      | Found a bloodstained altar of Trog.
  1952 | D:3      | Found a stormy altar of Qazlal.
  2177 | D:3      | Gained mutation: You sometimes gain power by taking damage.
                  | [demonic ancestry]
  2177 | D:3      | Reached XP level 5. HP: 29/35 MP: 0/9
  2187 | D:3      | Reached skill level 5 in Conjurations
  2408 | D:3      | HP: 1/35 [orc/+0 falchion (7)]
  2673 | D:3      | Found a deep blue altar of Sif Muna.
  2777 | D:4      | Gained mutation: You have large cloven feet. [demonic
                  | ancestry]
  2777 | D:4      | Reached XP level 6. HP: 41/41 MP: 1/10
  2853 | D:4      | Reached skill level 1 in Fire Magic
  2853 | D:4      | Reached skill level 1 in Air Magic
  2853 | D:4      | Reached skill level 1 in Poison Magic
  3003 | D:4      | Found a blossoming altar of Fedhas.
  3014 | D:4      | Reached skill level 6 in Conjurations
  3314 | D:4      | Got a scorched trident
  3315 | D:4      | Identified the +7 trident of Jauzxano {pierce, *Noise +Inv
                  | rElec Str+5 Dex+2} (You found it on level 4 of the Dungeon)
  3605 | D:4      | Gained mutation: You are frail. (-10% HP) [potion of
                  | mutation]
  3605 | D:4      | Gained mutation: Your muscles are strong. (Str +2) [potion
                  | of mutation]
  3605 | D:4      | Gained mutation: You are resistant to hostile enchantments.
                  | (MR+) [potion of mutation]
  3606 | D:4      | Lost mutation: You are frail. (-10% HP) [potion of
                  | mutation]
  3606 | D:4      | Lost mutation: Your muscles are strong. (Str +2) [potion of
                  | mutation]
  3606 | D:4      | Lost mutation: You are resistant to hostile enchantments.
                  | (MR+) [potion of mutation]
  3606 | D:4      | Gained mutation: You are weak. (Str -2) [potion of
                  | mutation]
  3606 | D:4      | Gained mutation: Your body sometimes deteriorates upon
                  | taking damage. [potion of mutation]
  3606 | D:4      | Gained mutation: You possess an exceptional clarity of
                  | mind. [potion of mutation]
  3607 | D:4      | Lost mutation: You possess an exceptional clarity of mind.
                  | [potion of mutation]
  3607 | D:4      | Lost mutation: Your body sometimes deteriorates upon taking
                  | damage. [potion of mutation]
  3607 | D:4      | Lost mutation: You are weak. (Str -2) [potion of mutation]
  3607 | D:4      | Gained mutation: Your mind is acute. (Int +2) [potion of
                  | mutation]
  3607 | D:4      | Gained mutation: You have a pair of small horns on your
                  | head. [potion of mutation]
  3607 | D:4      | Gained mutation: You have sharp fingernails. [potion of
                  | mutation]
  3610 | D:5      | Entered Level 5 of the Dungeon
  3851 | D:5      | Found a glowing silver altar of Zin.
  3853 | D:5      | Reached skill level 1 in Polearms
  3853 | D:5      | Gained mutation: You have hoof-like feet. [demonic
                  | ancestry]
  3853 | D:5      | Reached XP level 7. HP: 43/46 MP: 11/11
  4212 | D:5      | Found an ancient bone altar of Kikubaaqudgha.
  4218 | D:5      | Became a worshipper of Kikubaaqudgha
  4626 | D:6      | Lost mutation: Your mind is acute. (Int +2) [potion of
                  | mutation]
  4626 | D:6      | Lost mutation: You have a pair of small horns on your head.
                  | [potion of mutation]
  4626 | D:6      | Gained mutation: Your spells are a little harder to cast,
                  | but a little more powerful. [potion of mutation]
  4626 | D:6      | Gained mutation: You are somewhat resistant to further
                  | mutation. [potion of mutation]
  4662 | D:6      | Noticed Blork the orc
  4669 | D:6      | Gained mutation: You are powered by pain. [demonic
                  | ancestry]
  4669 | D:6      | Reached XP level 8. HP: 13/52 MP: 4/12
  4735 | D:6      | Found a sacrificial altar of Ru.
  4779 | D:6      | Found a sand-covered staircase.
  4933 | D:6      | Killed from afar by an orc warrior

Skill      XL: |  1  2  3  4  5  6  7 |
---------------+----------------------+-----
Conjurations   | 2 3 4 5 6 |  6.0
Fire Magic     | 1 3 |  3.3
Air Magic      | 1 3 |  3.4
Poison Magic   | 2 3 |  3.7
Polearms       | 1 2 |  2.9
Dodging        | |  1.7
Stealth        | |  1.7
Spellcasting   | |  3.0
Summonings     | |  1.0
Translocations | |  0.8

Action                   |  1- 3 |  4- 6 |  7- 9 || total
-------------------------+-------+-------+-------++-------
Melee: Short sword       |    24 |    92 |       ||   116
       Trident           |       |    20 |    64 ||    84
       Kick              |       |     9 |     5 ||    14
       Headbutt          |       |       |     1 ||     1
Throw: Stone             |     3 |       |       ||     3
 Cast: Magic Dart        |    82 |    71 |     6 ||   159
       Mephitic Cloud    |       |     5 |     5 ||    10
       Conjure Flame     |       |     1 |     5 ||     6
  Use: Scroll            |       |     2 |     4 ||     6
       Potion            |       |     3 |     1 ||     4
 Stab: Sleeping          |       |     2 |     1 ||     3
       Confused          |       |     2 |     1 ||     3
  Eat: Chunk             |     2 |     8 |     2 ||    12
       Ration            |       |       |     1 ||     1
Armor: Robe              |    10 |    14 |     6 ||    30
Dodge: Dodged            |    27 |    62 |    20 ||   109
